 Dungeon Crawl Stone Soup version 0.30.1-11-g7821555f0a (webtiles) character file.

Game seed: 4411968253272649632

703 Okkudo the Cleaver (level 7, -7/57 HPs)
             Began as a Hill Orc Monk on Dec 1, 2023.
             Was a Believer of Beogh.
             Mangled by an ogre
             ... wielding a +0 giant club
              (12 damage)
             ... on level 5 of the Dungeon.
             The game lasted 00:10:28 (4427 turns).

Okkudo the Cleaver (Hill Orc Monk)                  Turns: 4427, Time: 00:10:29

Health: -7/57      AC: 12    Str: 16    XL:     7   Next: 66%
Magic:  10/10      EV:  7    Int: 10    God:    Beogh [**....]
Gold:   167        SH:  0    Dex: 13    Spells: 6/6 levels left

rFire   . . .        q - +1 hand axe (heavy)
rCold   + . .        d - orb {light}
rNeg    . . .        r - +0 chain mail
rPois   .            l - +0 helmet
rElec   .            s - +1 cloak
rCorr   .            (no gloves)
SInv    .            x - +0 pair of boots
Will    .....        (no amulet) Stlth
                     h - ring of protection from cold
HPRegen 0.29/turn    (no ring)
MPRegen 0.12/turn

%: no passive effects
@: glowing
A: no striking features
a: Renounce Religion, Smiting


You were on level 5 of the Dungeon.
You worshipped Beogh.
Beogh was pleased with you.
You visited 1 branch of the dungeon, and saw 5 of its levels.

You collected 167 gold pieces.

Inventory:

Hand Weapons
 q - a +1 heavy hand axe (weapon)
 B - a +0 trident
Missiles
 m - 6 poisoned darts
 o - 4 javelins (quivered)
Armour
 d - an orb of light (worn)
 l - a +0 helmet (worn)
 r - a +0 chain mail (worn)
 s - a +1 cloak (worn)
 x - a +0 pair of boots (worn)
Jewellery
 h - a ring of protection from cold (left hand)
 y - a ring of flight
 A - a ring of protection from fire
Scrolls
 a - 2 scrolls of immolation
 b - 3 scrolls of identify {unknown}
 f - a scroll of amnesia {unknown}
 g - a scroll of vulnerability {unknown}
 n - 2 scrolls of poison {unknown}
 p - 2 scrolls of blinking {unknown}
 t - 3 scrolls of magic mapping {unknown}
 w - a scroll of enchant armour {unknown}
Potions
 c - 2 potions of ambrosia
 e - 4 potions of might {unknown}
 i - 3 potions of curing {unknown}
 j - 3 potions of haste {unknown}
 k - 2 potions of degeneration {unknown}
 u - a potion of cancellation {unknown}
 v - a potion of resistance {unknown}
 z - a potion of brilliance {unknown}


   Skills:
 - Level 3.6 Fighting
 * Level 10.3 Axes
 - Level 2.4 Dodging
 + Level 4.6 Invocations


You had 6 spell levels left.
You didn't know any spells.
Your spell library contained the following spells:

 Spells                   Type           Power      Damage    Failure   Level
 Sting                    Tmut/Pois      0%         1d3       99%         1
 Poisonous Vapours        Pois/Air       0%         N/A       100%        2
 Olgreb's Toxic Radiance  Pois           0%         N/A       100%        4


Dungeon Overview and Level Annotations

Branches:
Dungeon (5/15)
 Temple: D:4-7

Altars:


Message History

You hear the slow rusting of a drain nearby.
HP restored.
You hear the rusting of a drain nearby.
Things that are here:
a +0 dagger; a +0 robe You see here a +0 leather armour.
Things that are here:
a +0 dagger; a +0 mace; a +0 ring mail An orc comes into view.
It is wielding a +0 whip.
The orc shouts!
An ogre comes into view. It is wielding a +0 giant club.
The ogre shouts! 2 orcs come into view.
The orc shouts! x2
The orc moves out of view. x2
You see here a scroll labelled XIMODOJ HAROX.
The orc hits you but does no damage.
You hit the orc.
The orc is moderately wounded.
The orc hits you but does no damage.
You hit the orc.
The orc is severely wounded.
The orc hits you with a +0 whip. The ogre hits you with a +0 giant club!
You slash the orc!
You kill the orc!
Beogh accepts your kill.
You hit the ogre but do no damage. You barely miss the orc. You hit the ogre.
The ogre hits you with a +0 giant club! The orc hits you with a +0 mace.
* * * LOW HITPOINT WARNING * * *
You hit the orc.
The orc is heavily wounded.
You slash the ogre! The ogre hits you with a +0 giant club!
* * * LOW HITPOINT WARNING * * *
The orc hits you but does no damage.
As you read the scroll labelled PYNINK WYEMOAS, it crumbles to dust.
The creatures around you are filled with an inner flame!
It was a scroll of immolation.
The orc hits you but does no damage. The ogre hits you with a +0 giant club!
You die...

#..######.##.#
#.........##.#
#..#########.#
#............#
##
##.############
#...###...#
#.#.....#.#
..#...###?..#
.....oo@O...#
.....######.#
##. .# ##


You could see an ogre (inner flame) and 2 orcs.

Vanquished Creatures
  2 phantoms (D:4)
  Blork the orc (D:4)
  A scorpion (D:4)
  An orc priest (D:5)
  3 hounds (D:4)
  2 iguanas (D:4)
  A sleepcap (D:4)
  An orc wizard (D:5)
  4 adders
  8 gnolls
  An ufetubus (D:4)
  3 worms
  2 dart slugs
  8 orcs
  5 endoplasms
  2 giant cockroaches
  8 goblins
  5 hobgoblins
  5 jackals
  2 quokkas (D:3)
  4 ball pythons
  6 bats
  2 frilled lizards
  8 kobolds
  7 rats
92 creatures vanquished.

Notes
Turn   | Place    | Note
-------+----------+-------------------------------------------
     0 | D:1      | Okkudo the Hill Orc Monk began the quest for the Orb.
     0 | D:1      | Reached XP level 1. HP: 19/19 MP: 1/1
   171 | D:1      | Reached XP level 2. HP: 26/26 MP: 2/2
   482 | D:1      | Reached skill level 5 in Axes
   706 | D:1      | Reached XP level 3. HP: 8/31 MP: 3/3
  1082 | D:2      | Reached skill level 6 in Axes
  1091 | D:1      | HP: 1/31 [gnoll/+0 spear (3)]
  1224 | D:2      | Reached XP level 4. HP: 32/39 MP: 4/4
  1605 | D:2      | Reached skill level 7 in Axes
  2224 | D:3      | Reached XP level 5. HP: 45/45 MP: 5/5
  2841 | D:3      | Became a worshipper of Beogh the Brigand
  2841 | D:3      | Reached * piety under Beogh
  2841 | D:3      | Reached ** piety under Beogh
  3008 | D:3      | Found a faded altar of an unknown god.
  3110 | D:4      | Reached skill level 1 in Invocations
  3112 | D:4      | Reached skill level 8 in Axes
  3127 | D:4      | Reached XP level 6. HP: 21/51 MP: 7/7
  3320 | D:4      | Noticed Blork the orc
  3326 | D:4      | Killed Blork the orc
  3623 | D:4      | Reached skill level 9 in Axes
  3724 | D:4      | Reached XP level 7. HP: 51/57 MP: 9/9
  3868 | D:4      | Reached skill level 10 in Axes
  4233 | D:5      | Entered Level 5 of the Dungeon
  4427 | D:5      | Mangled by an ogre

Illustrated notes

Levels and vault maps discovered:
D:1:      dpeg_arrival_shrine, layout_basic
D:2:      layout_loops_corners
D:3:      wander_river, layout_basic, shapermc_ecumenical_altar_mp_highgroup,
          nicolae_figureground_sparkle
D:4:      layout_loops_ring, st_stairs_13, uniq_blork_the_orc
D:5:      layout_loops_ring, amcnicky_altar_gilded, makhleb_altar_promises_db,
          minmay_temple_entry_proselytizer, portal_sewer_entry_f,
          amcnicky_mini_corridor_feature

Skill      XL: |  1  2  3  4  5  6  7 |
---------------+----------------------+-----
Axes           | 5 6 7 8 9 10 | 10.3
Invocations    | 2 3 4 |  4.6
Fighting       | |  3.6
Dodging        | |  2.4

Action                     |  1- 3 |  4- 6 |  7- 9 || total
---------------------------+-------+-------+-------++-------
  Melee: Hand axe          |    87 |   139 |    39 ||   265
  Throw: Dart              |       |     1 |       ||     1
         Javelin           |       |     2 |       ||     2
 Invoke: Convert to Beogh  |       |     1 |       ||     1
    Use: Scroll            |       |       |     1 ||     1
 Armour: Ring mail         |    32 |    23 |       ||    55
         Chain mail        |       |    38 |    21 ||    59
  Dodge: Dodged            |    54 |    56 |    12 ||   122
